 Dungeon Crawl Stone Soup version 0.32-a0-450-g080537f31e (webtiles) character file.

Game seed: 13445121101051923242

390 whatisthis the Magician (level 6, -3/32 HPs)
             Began as a Deep Elf Air Elementalist on Feb 24, 2024.
             Was an Initiate of Vehumet.
             Slain by an ice beast (5 damage)
             ... on level 5 of the Dungeon.
             The game lasted 00:08:39 (4360 turns).

whatisthis the Magician (Deep Elf Air Elementalist) Turns: 4360, Time: 00:08:40

Health: -3/32      AC:  2    Str: 10    XL:     6   Next: 50%
Magic:  9/17       EV: 12    Int: 22    God:    Vehumet [......]
Gold:   278        SH:  0    Dex: 15    Spells: 11/17 levels left

rFire   . . .        m - +3 sling of Inan Ydiocu {freeze, Str+5}
rCold   . . .        (no shield)
rNeg    . . .        a - +0 robe
rPois   .            (no helmet)
rElec   .            (no cloak)
rCorr   .            (no gloves)
SInv    .            (no boots)
Will    .....        (no amulet)
Stlth   ++           (no ring)
HPRegen 0.25/turn    (no ring)
MPRegen 0.15/turn

%: no passive effects
@: no status effects
A: no striking features
a: Renounce Religion


You were on level 5 of the Dungeon.
You worshipped Vehumet.
Vehumet was noncommittal.
You visited 2 branches of the dungeon, and saw 6 of its levels.

You collected 278 gold pieces.

Inventory:

Hand Weapons
 m - the +3 sling of Inan Ydiocu (weapon) {freeze, Str+5}
   (You found it on level 3 of the Dungeon)

   Str+5:     It affects your strength (+5).
Missiles
 q - 7 poisoned darts
Armour
 a - a +0 robe (worn)
Magical Staves
 e - a staff of earth
Scrolls
 d - a scroll of noise {unknown}
 f - 4 scrolls of identify {unknown}
 h - a scroll of enchant weapon {unknown}
 j - a scroll of brand weapon {unknown}
 k - 2 scrolls of teleportation {unknown}
 l - a scroll of blinking {unknown}
 p - a scroll of revelation {unknown}
Potions
 b - a potion of magic
 c - 2 potions of lignification {unknown}
 g - a potion of resistance {unknown}
 i - a potion of degeneration {unknown}
 n - a potion of might {unknown}
 o - a potion of haste {unknown}
 r - a potion of attraction {unknown}
 s - a potion of brilliance {unknown}
 t - a potion of enlightenment {unknown}


   Skills:
 - Level 2.4 Dodging
 - Level 2.4 Stealth
 + Level 6.0 Spellcasting
 + Level 4.2 Conjurations
 + Level 5.3 Air Magic


You had 11 spell levels left.
You knew the following spells:

 Your Spells              Type           Power      Damage    Failure   Level
a - Shock                 Conj/Air       100%       1d9       1%          1
b - Static Discharge      Conj/Air       54%        3-6/arc   1%          2
c - Swiftness             Air            30%        N/A       3%          3

Your spell library contained the following spells:

 Spells                   Type           Power      Damage    Failure   Level
 Sandblast                Erth           12%        2d6       9%          1
 Slow                     Hex            24%        N/A       9%          1
 Airstrike                Air            15%        2d(3-19)  10%         4
 Stone Arrow              Conj/Erth      30%        3d8       12%         3
 Confusing Touch          Hex            6%         N/A       26%         3
 Passwall                 Erth           6%         N/A       26%         3
 Sigil of Binding         Hex            6%         N/A       26%         3
 Vampiric Draining        Necr           6%         2d6       26%         3
 Brom's Barrelling Bould  Conj/Erth      15%        2d4       36%         4
 Summon Forest            Summ/Tloc      3%         N/A       94%         5
 Summon Mana Viper        Hex/Summ       6%         N/A       94%         5
 Summon Cactus Giant      Summ           3%         N/A       100%        6


Dungeon Overview and Level Annotations

Branches:
Dungeon (5/15)             Temple (1/1) D:4

Altars:
Ashenzari
Cheibriados
Dithmenos
Fedhas
Kikubaaqudgha
Makhleb
Okawaru
Qazlal
Ru
Sif Muna
Uskayaw
Vehumet
Wu Jian
Xom
Yredelemnul
The Shining One

Shops:
D:5 *

Annotations:
D:1 1 transporter
D:2 1 runed translucent door, Crazy Yiuf, Sigmund
D:3 exclusion: door


Message History

Your Spellcasting skill increases to level 6!
Fire: m) +3 sling of Inan Ydiocu {freeze, Str+5}
Press: ? - help, Q - select action, (/) - cycle Shift-Dir - straight line, f - ice beast
Aim: an ice beast (59% to hit)
You shoot a sling bullet.
The sling bullet closely misses the ice beast.
Unknown command.
Fire: m) +3 sling of Inan Ydiocu {freeze, Str+5}
Press: ? - help, Q - select action, (/) - cycle Shift-Dir - straight line, f/p - ice beast
Aim: an ice beast (59% to hit)
You shoot a sling bullet.
The sling bullet hits the ice beast but does no damage.
Unknown command.
Fire: m) +3 sling of Inan Ydiocu {freeze, Str+5}
Press: ? - help, Q - select action, (/) - cycle Shift-Dir - straight line, f/p - ice beast
Aim: an ice beast (59% to hit)
You shoot a sling bullet. The sling bullet hits the ice beast!
The ice beast is moderately wounded.
The ice beast hits you. The ice beast freezes you!
Casting: Static Discharge (safe; 1% risk of failure)
Confirm with . or Enter, or press ? or * to list all spells.
The ice beast is struck by an arc of lightning.
The ice beast is moderately wounded.
You are struck by an arc of lightning.
The ice beast is struck by an arc of lightning.
The ice beast is heavily wounded.
You are struck by an arc of lightning.
* * * LOW HITPOINT WARNING * * *
The lightning grounds out.
The ice beast misses you.
Unknown command.
Casting: Static Discharge (safe; 1% risk of failure)
Confirm with . or Enter, or press ? or * to list all spells.
The ice beast is struck by an arc of lightning.
The ice beast is severely wounded.
You are struck by an arc of lightning.
* * * LOW HITPOINT WARNING * * *
The lightning grounds out.
The ice beast hits you.
* * * LOW HITPOINT WARNING * * *
The ice beast freezes you.
You die...

#. ###. #...... #.#
...### #...#. #.#
#....####.... #.#
#)..........# #.#
........... #.#
.........
#)#####.##.##.# ####
#.......##.##@# .....
####..#.##....##Y#......
......#.#####...........
..............##.#.####.
...........#..##.#.#
........##.#...... .
........# .#.########
..###+#.# .. ..# .# ##Y


You could see an ice beast.

Vanquished Creatures
  A howler monkey (D:4)
  A hound (D:4)
  A jelly (D:5)
  6 iguanas
  3 adders
  A white imp (D:5)
  5 ribbon worms
  4 orcs
  7 ball pythons
  4 bats
  6 endoplasms
  8 giant cockroaches
  8 goblins
  8 hobgoblins
  5 jackals
  4 kobolds
  7 quokkas
  5 frilled lizards
  8 rats
  A butterfly (D:4)
93 creatures vanquished.

Notes
Turn   | Place    | Note
-------+----------+-------------------------------------------
     0 | D:1      | whatisthis the Deep Elf Air Elementalist began the quest
                  | for the Orb.
     0 | D:1      | Reached XP level 1. HP: 10/10 MP: 6/6
   257 | D:1      | Reached XP level 2. HP: 15/15 MP: 5/8
   327 | D:1      | Learned a level 2 spell: Static Discharge
   892 | D:1      | Reached XP level 3. HP: 19/19 MP: 7/10
  1279 | D:2      | Found a faded altar of an unknown god.
  1357 | D:2      | Found a runed translucent door.
  1358 | D:2      | Noticed Crazy Yiuf
  1468 | D:2      | Reached skill level 4 in Spellcasting
  2076 | D:2      | Noticed Sigmund
  2120 | D:3      | Identified the +3 sling of Inan Ydiocu {freeze, Str+5}
  2157 | D:3      | You fall into a shaft and drop 1 floor!
  2180 | D:4      | Reached XP level 4. HP: 24/24 MP: 12/12
  2767 | D:3      | Found a burning altar of Makhleb.
  2767 | D:3      | Found a shimmering altar of Xom.
  3071 | D:4      | Found a staircase to the Ecumenical Temple.
  3083 | D:4      | Reached skill level 5 in Spellcasting
  3083 | D:4      | Reached XP level 5. HP: 19/28 MP: 4/14
  3095 | Temple   | Entered the Ecumenical Temple
  3207 | Temple   | Became a worshipper of Vehumet
  3586 | D:4      | Reached skill level 5 in Air Magic
  3852 | D:4      | Learned a level 3 spell: Swiftness
  3853 | D:5      | Entered Level 5 of the Dungeon
  3857 | D:5      | Reached XP level 6. HP: 32/32 MP: 16/16
  3914 | D:5      | Found an ancient bone altar of Kikubaaqudgha.
  4210 | D:5      | Found Ihupnur's CLEARANCE SALE!.
  4241 | D:5      | Found an ornate altar of the Wu Jian Council.
  4346 | D:5      | Noticed an ice beast
  4356 | D:5      | Reached skill level 6 in Spellcasting
  4360 | D:5      | Slain by an ice beast

Illustrated notes

Levels and vault maps discovered:
D:1:      spicycebolla_arrival_risky_transporter, layout_basic,
          chequers_serial_rivers_small_b
D:2:      layout_basic, basic_altar, shapermc_ecumenical_altar_starsandcircs,
          glass_columns_c, minmay_misc_feat_more_columns, serial_bayou_lagoon_a,
          uniq_sigmund, uniq_crazy_yiuf_cottage
D:3:      layout_basic, grunt_temple_overflow_champion_of_chaos,
          nicolae_figureground_sparkle
D:4:      layout_rooms, minmay_temple_entry_butterflies, gup_sewer_entry_bubbles
D:5:      layout_basic, mainiacjoe_overflow_24_doors, nzn_wu_jian_council_hall,
          nicolae_shop_clearance
Temple:   minmay_temple_forest_path

Skill      XL: |  1  2  3  4  5  6 |
---------------+-------------------+-----
Conjurations   | 2 3 4 |  4.2
Spellcasting   | 4 5 6 |  6.0
Air Magic      | 4 5 |  5.3
Dodging        | |  2.4
Stealth        | |  2.4

Action                     |  1- 3 |  4- 6 || total
---------------------------+-------+-------++-------
  Melee: Staff             |     1 |       ||     1
   Fire: Sling             |     5 |    92 ||    97
   Cast: Shock             |    74 |     8 ||    82
         Static Discharge  |     3 |    25 ||    28
   Stab: Sleeping          |     1 |       ||     1
 Armour: Robe              |     8 |    40 ||    48
  Dodge: Dodged            |    11 |    11 ||    22

Table legend: (Time is in decaauts)
 A = Elapsed time spent in this place.
 B = Non-inter-level travel time spent in this place.
 C = Inter-level travel time spent in this place.
 D = Time resting spent in this place.
 E = Time spent auto-exploring this place.
 F = Levels seen in this place.
 G = Mean time per level.
                   A        B        C        D        E       F      G
               +--------+--------+--------+--------+--------+-----+--------+
         Total |   4429 |   4272 |    157 |    636 |   2743 |   6 |  738.2 |
       Dungeon |   4273 |   4200 |     73 |    567 |   2743 |   5 |  854.6 |
        Temple |    155 |     71 |     84 |     69 |      0 |   1 |  155.0 |
               +--------+--------+--------+--------+--------+-----+--------+

Top non-repeatable levels by time:
     D:1: 1244 daAuts
     D:3: 875 daAuts
     D:2: 875 daAuts
     D:4: 762 daAuts
     D:5: 516 daAuts
  Temple: 155 daAuts
